Get step-by-step instructions on how to execute this build order below. Start the game timer, and the build order will tick by so you can play in parallel with StarCraft on a second screen or mobile device.

Game Time

  0:00

Last Step

  N/A

Next Step

Upcoming Step



Don't want to look back and forth between 2 screens? Try out our Overwolf App, the Spawning Tool Build Advisor to get an in-game overlay with this build!

Complete Build Order

  12  0:01  SCV  
  13  0:13  SCV  
  14  0:19  Supply Depot  
  14  0:25  SCV  
  15  0:30  Refinery  
  15  0:41  Barracks  
  15  0:45  SCV  
  16  0:59  SCV  
  16  1:03  Refinery  
  17  1:11  Barracks  
  18  1:28  Orbital Command  
  17  1:33  Reaper  
  18  1:56  SCV  
  19  2:02  Supply Depot  
  19  2:19  Command Center  
  19  2:29  Barracks Tech Lab, Barracks Reactor  
  19  2:34  SCV  
  20  2:46  SCV  
  20  2:50  Marine  
  22  3:14  SCV  
  22  3:16  Marine x2  
  22  3:18  Marauder  
  26  3:24  Factory  
  26  3:28  Engineering Bay  
  26  3:30  SCV  
  26  3:33  Orbital Command  
  26  3:34  Marine  
  27  3:40  Marauder, Stimpack  
  27  3:41  Marine  
  31  3:46  SCV  
  32  3:55  Engineering Bay  
  32  3:57  Barracks  
  32  3:58  SCV  
  32  4:01  Marine  
  34  4:05  Marauder, Barracks  
  34  4:09  SCV  
  37  4:17  Factory Tech Lab  
  37  4:23  Supply Depot  
  37  4:26  Terran Infantry Armor Level 1  
  37  4:28  Marine  
  37  4:30  Marine  
  39  4:33  SCV  
  39  4:34  SCV  
  43  4:38  Marauder  
  43  4:45  Supply Depot  
  43  4:46  Terran Infantry Weapons Level 1  
  43  4:47  Barracks Reactor  
  43  4:48  Barracks Tech Lab  
  43  4:50  Marine x2  
  45  4:59  Barracks Reactor  
  45  5:02  Marauder  
  47  5:08  Marine  
  47  5:12  Supply Depot  
  48  5:18  Refinery  
  48  5:21  SCV x2  
  49  5:23  Marauder, Marine  
  49  5:26  Refinery  
  49  5:27  Combat Shields  
  54  5:32  Marine  
  54  5:36  Marauder  
  54  5:37  Marine x2  
  54  5:40  Concussive Shells  
  58  5:44  Supply Depot  
  58  5:53  Starport, SCV  
  58  5:55  SCV  
  60  5:57  Marine x2  
  60  5:58  Marine  
  60  6:02  Marine  
  60  6:03  Marauder  
  66  6:07  Supply Depot  
  66  6:18  SCV  
  66  6:19  SCV  
  66  6:20  Marine  
  66  6:21  Marine x3  
  66  6:25  Marauder  
  75  6:26  Marauder  
  75  6:31  SCV  
  75  6:32  Starport Reactor  
  76  6:43  SCV  
  75  6:49  Marine x4  
  75  6:50  Marauder, Marine  
  75  6:53  SCV  
  83  6:56  SCV  
  84  7:05  SCV  
  84  7:06  Starport, Marine  
  84  7:07  Supply Depot  
  86  7:13  Armory  
  86  7:28  Medivac x2  
  86  7:29  Marauder  
  92  7:30  Supply Depot  
  92  7:35  Marine x2  
  94  7:42  Supply Depot, Starport Reactor  
  94  7:52  Marauder x2  
  94  7:53  Supply Depot  
  94  7:55  SCV  
  99  7:59  Medivac  
  99  8:04  Medivac  
  103  8:06  Supply Depot  
  103  8:10  Marine x3  
  106  8:19  Medivac x2  
  110  8:20  Marine  
  110  8:22  Marauder  
  110  8:24  Widow Mine  
  115  8:28  Supply Depot  
  110  8:57  Marine  
  110  8:58  Marine x4  
  110  8:59  Marauder  
  110  9:00  Medivac x2  
  121  9:16  Marauder  
  123  9:34  Supply Depot  
  123  9:36  Supply Depot  
  123  9:38  Command Center